| TOP OF THE 1ST |
|
Waterloo Hawks batting - Pitching for Wausau Timbers : LHP Stanley Osterbur
|
|
Pitching: LHP Stanley Osterbur
|
|
|
Batting: RHB Edward Irvine
|
0-0: Ball 1-0: Ball 2-0: SINGLE (Line Drive, 8LS, EV 108.8 MPH)
|
|
Batting: RHB Mark Sheehy
|
0-0: DOUBLE (Flyball, 8RXD, EV 106.3 MPH) Edward Irvine to third
|
|
Batting: RHB Tony Evans
|
0-0: Ball 1-0: Foul Ball, location: 2F 1-1: Ball 2-1: Foul Ball, location: 2F 2-2: SINGLE (Line Drive, 34D, EV 98.1 MPH) Edward Irvine scores Mark Sheehy to third Runner from 3rd tries for Home, throw by RF and OUT! 9-2
|
|
Batting: RHB Carmelo Aguayo
|
0-0: Fly out, F9 (Flyball, 89M, EV 85.0 MPH)
|
|
Batting: LHB Burk Goldthorn
|
0-0: Ball 1-0: Foul Ball, location: 2F 1-1: Foul Ball, location: 2F 1-2: Strikes out swinging
|
| Top of the 1st over - 1 run, 3 hits, 0 errors, 1 left on base; Waterloo 1 - Wausau 0 |
| BOTTOM OF THE 1ST |
|
Wausau Timbers batting - Pitching for Waterloo Hawks : RHP Albert Arrieta
|
|
Pitching: RHP Albert Arrieta
|
|
|
Batting: RHB John Nicolo
|
0-0: Ball 1-0: Ball 2-0: Ball 3-0: Base on Balls
|
|
Batting: LHB Rodney Nealeigh
|
0-0: Ball 1-0: Fielders Choice at 2nd, 3-6 (Groundball, 3, EV 100.0 MPH)
|
|
Batting: RHB Rich Renteria
|
0-0: Ball 1-0: Swinging Strike 1-1: Ball 2-1: Foul Ball, location: 2F 2-2: Strikes out swinging
|
|
Batting: SHB Herman Lewis
|
0-0: Called Strike 0-1: Swinging Strike 0-2: Strikes out looking
|
| Bottom of the 1st over - 0 runs, 0 hits, 0 errors, 1 left on base; Waterloo 1 - Wausau 0 |
| TOP OF THE 2ND |
|
Waterloo Hawks batting - Pitching for Wausau Timbers : LHP Stanley Osterbur
|
|
Batting: RHB Jay Loviglio
|
0-0: Ball 1-0: Ball 2-0: Reached on error, E6 (Groundball, 6M, EV 89.4 MPH)
|
|
Batting: RHB Michael Williams
|
0-0: Ball 1-0: Ball Jay Loviglio steals 3rd base 2-0: Fly out, F8 (Flyball, 8RXD, EV 96.9 MPH) Runner from 3rd tags up, SCORES, no throw by CF
|
|
Batting: RHB Kean Rich
|
0-0: Ball 1-0: Called Strike 1-1: Ball 2-1: Ball 3-1: Swinging Strike 3-2: Strikes out looking
|
|
Batting: RHB David Cusack
|
0-0: Called Strike 0-1: Ball 1-1: Ball 2-1: Foul Ball, location: 2F 2-2: Ground out 1-3 (Groundball, 23, EV 66.9 MPH)
|
| Top of the 2nd over - 1 run, 0 hits, 1 error, 0 left on base; Waterloo 2 - Wausau 0 |
| BOTTOM OF THE 2ND |
|
Wausau Timbers batting - Pitching for Waterloo Hawks : RHP Albert Arrieta
|
|
Batting: LHB Ricky Seilheimer
|
0-0: Called Strike 0-1: Ground out U3 (Groundball, 3, EV 108.1 MPH)
|
|
Batting: LHB Jerry Morton
|
0-0: Ball 1-0: SINGLE (Groundball, 6D, EV 108.8 MPH)
|
|
Batting: RHB Bruce Chaney
|
0-0: Ball 1-0: Swinging Strike 1-1: Ball 2-1: Foul Ball, location: 2F 2-2: Ball 3-2: Strikes out looking
|
|
Batting: RHB Jeffrey Young
|
0-0: Ball 1-0: Fly out, F4 (Popup, 34, EV 63.1 MPH)
|
| Bottom of the 2nd over - 0 runs, 1 hit, 0 errors, 1 left on base; Waterloo 2 - Wausau 0 |
| TOP OF THE 3RD |
|
Waterloo Hawks batting - Pitching for Wausau Timbers : LHP Stanley Osterbur
|
|
Batting: RHB Edward Irvine
|
0-0: Fly out, F8 (Flyball, 8LM, EV 73.1 MPH)
|
|
Batting: RHB Mark Sheehy
|
0-0: Called Strike 0-1: Called Strike 0-2: Foul Ball, location: 2F 0-2: Foul Ball, location: 2F 0-2: Foul Ball, location: 2F 0-2: Strikes out swinging
|
|
Batting: RHB Tony Evans
|
0-0: Ball 1-0: Ball 2-0: Called Strike 2-1: Ball 3-1: Foul Ball, location: 2F 3-2: Fly out, F7 (Flyball, 78M, EV 96.3 MPH)
|
| Top of the 3rd over - 0 runs, 0 hits, 0 errors, 0 left on base; Waterloo 2 - Wausau 0 |
| BOTTOM OF THE 3RD |
|
Wausau Timbers batting - Pitching for Waterloo Hawks : RHP Albert Arrieta
|
|
Batting: RHB John Pignotti
|
0-0: Fly out, F8 (Line Drive, 8LM, EV 93.8 MPH)
|
|
Batting: RHB John Nicolo
|
0-0: Fly out, F9 (Flyball, 9, EV 85.0 MPH)
|
|
Batting: LHB Rodney Nealeigh
|
0-0: Ground out U3 (Groundball, 34S, EV 85.6 MPH)
|
| Bottom of the 3rd over - 0 runs, 0 hits, 0 errors, 0 left on base; Waterloo 2 - Wausau 0 |
| TOP OF THE 4TH |
|
Waterloo Hawks batting - Pitching for Wausau Timbers : LHP Stanley Osterbur
|
|
Batting: RHB Carmelo Aguayo
|
0-0: Ball 1-0: Ball 2-0: Called Strike 2-1: Foul Ball, location: 2F 2-2: Foul Ball, location: 2F 2-2: Foul Ball, location: 2F 2-2: Foul Ball, location: 2F 2-2: DOUBLE (Line Drive, 9LM, EV 108.1 MPH)
|
|
Batting: LHB Burk Goldthorn
|
0-0: Ball 1-0: Foul Ball, location: 2F 1-1: Called Strike 1-2: SINGLE (Line Drive, 89S, EV 103.8 MPH) Carmelo Aguayo to third
|
|
Batting: RHB Jay Loviglio
|
0-0: Fly out, F9 (Line Drive, 9D, EV 98.8 MPH) Runner from 3rd tags up, SCORES, throw by RF
|
|
Batting: RHB Michael Williams
|
0-0: Ball 1-0: Fly out, F8 (Flyball, 8RD, EV 106.9 MPH)
|
|
Batting: RHB Kean Rich
|
0-0: Ball 1-0: Foul Ball, location: 2F Pickoff Throw to First - Out! 1-3
|
| Top of the 4th over - 1 run, 2 hits, 0 errors, 0 left on base; Waterloo 3 - Wausau 0 |
| BOTTOM OF THE 4TH |
|
Wausau Timbers batting - Pitching for Waterloo Hawks : RHP Albert Arrieta
|
|
Batting: RHB Rich Renteria
|
0-0: Foul Ball, location: 2F 0-1: Called Strike 0-2: Ball 1-2: Ground out 4-3 (Groundball, 4, EV 91.3 MPH)
|
|
Batting: SHB Herman Lewis
|
0-0: Ball 1-0: Ball 2-0: Foul Ball, location: 2F 2-1: Ball 3-1: Foul Ball, location: 2F 3-2: SINGLE (Flyball, 56D, EV 91.3 MPH)
|
|
Batting: LHB Ricky Seilheimer
|
0-0: Foul Ball, location: 2F 0-1: Ball 1-1: Fielders Choice at 2nd, 1-6 (Groundball, 13S, EV 64.4 MPH)
|
|
Batting: LHB Jerry Morton
|
0-0: Ball 1-0: Fielders Choice at 2nd, U4 (Groundball, 4M, EV 80.0 MPH)
|
| Bottom of the 4th over - 0 runs, 1 hit, 0 errors, 1 left on base; Waterloo 3 - Wausau 0 |
| TOP OF THE 5TH |
|
Waterloo Hawks batting - Pitching for Wausau Timbers : LHP Stanley Osterbur
|
|
Batting: RHB Kean Rich
|
0-0: Ball 1-0: Called Strike 1-1: Foul Ball, location: 2F 1-2: Ball 2-2: Strikes out looking
|
|
Batting: RHB David Cusack
|
0-0: Ball 1-0: Foul Ball, location: 2F 1-1: Foul Ball, location: 2F 1-2: Ball 2-2: SINGLE (Groundball, 56D, EV 104.4 MPH)
|
|
Batting: RHB Edward Irvine
|
0-0: Called Strike 0-1: Ball 1-1: SINGLE (Groundball, 56D, EV 102.5 MPH) David Cusack to second
|
|
Batting: RHB Mark Sheehy
|
0-0: Called Strike 0-1: Swinging Strike 0-2: Ball 1-2: Foul Ball, location: 2F 1-2: Foul Ball, location: 2F 1-2: SINGLE (Groundball, 56D, EV 102.5 MPH) David Cusack to third Edward Irvine to second Runner from 3rd tries for Home, SAFE, throw by LF to home
|
|
Batting: RHB Tony Evans
|
0-0: Called Strike Edward Irvine steals 3rd base Mark Sheehy to second 0-1: Swinging Strike 0-2: Ball 1-2: DOUBLE (Flyball, 89D, EV 91.9 MPH) Edward Irvine scores Mark Sheehy scores
|
|
Batting: RHB Carmelo Aguayo
|
0-0: Called Strike 0-1: Foul Ball, location: 2F 0-2: Ball 1-2: 2-RUN HOME RUN (Flyball, 9LD, EV 99.4 MPH), Distance : 344 ft
|
|
Pitching: RHP Robert Tenenini
|
|
|
Batting: LHB Burk Goldthorn
|
0-0: Called Strike 0-1: Ball 1-1: Called Strike 1-2: Foul Ball, location: 2F 1-2: Ball 2-2: Fly out, F8 (Flyball, 89M, EV 81.9 MPH)
|
|
Batting: RHB Jay Loviglio
|
0-0: Called Strike 0-1: Ground out 6-3 (Groundball, 6, EV 92.5 MPH)
|
| Top of the 5th over - 5 runs, 5 hits, 0 errors, 0 left on base; Waterloo 8 - Wausau 0 |
| BOTTOM OF THE 5TH |
|
Wausau Timbers batting - Pitching for Waterloo Hawks : RHP Albert Arrieta
|
|
Batting: RHB Bruce Chaney
|
0-0: Called Strike 0-1: Ball 1-1: Foul Ball, location: 2F 1-2: Ground out 1-3 (Groundball, 13, EV 70.6 MPH)
|
|
Batting: RHB Jeffrey Young
|
0-0: Ground out 5-3 (Groundball, 56, EV 83.1 MPH)
|
|
Batting: RHB John Pignotti
|
0-0: SINGLE (Flyball, 78S, EV 90.0 MPH)
|
|
Batting: RHB John Nicolo
|
0-0: Ball 1-0: Foul Ball, location: 2F 1-1: Called Strike 1-2: Foul Ball, location: 2F 1-2: Ball 2-2: Foul Ball, location: 2F 2-2: Foul Ball, location: 2F 2-2: Ball 3-2: Foul Ball, location: 2F 3-2: Base on Balls John Pignotti to second
|
|
Batting: LHB Rodney Nealeigh
|
0-0: Ball 1-0: Foul Ball, location: 2F 1-1: Ball 2-1: Foul Ball, location: 2F 2-2: Ball 3-2: Fly out, F7 (Flyball, 78M, EV 92.5 MPH)
|
| Bottom of the 5th over - 0 runs, 1 hit, 0 errors, 2 left on base; Waterloo 8 - Wausau 0 |
| TOP OF THE 6TH |
|
Waterloo Hawks batting - Pitching for Wausau Timbers : RHP Robert Tenenini
|
|
Batting: RHB Michael Williams
|
0-0: Called Strike 0-1: Ball 1-1: Ball 2-1: Ball 3-1: Base on Balls
|
|
Batting: RHB Kean Rich
|
0-0: Swinging Strike 0-1: Ball 1-1: DOUBLE (Groundball, 5L, EV 103.8 MPH) Michael Williams to third
|
|
Batting: RHB David Cusack
|
0-0: Ball 1-0: Swinging Strike 1-1: Ball 2-1: Swinging Strike 2-2: Strikes out looking
|
|
Batting: RHB Edward Irvine
|
0-0: Called Strike 0-1: Foul Ball, location: 2F 0-2: Ball 1-2: Ball 2-2: Ground out 6-3 (Groundball, 4M, EV 86.3 MPH) Michael Williams scores Kean Rich to third
|
|
Batting: RHB Mark Sheehy
|
0-0: Swinging Strike 0-1: Ball 1-1: Ball 2-1: Foul Ball, location: 2F 2-2: Ball 3-2: Strikes out swinging
|
| Top of the 6th over - 1 run, 1 hit, 0 errors, 1 left on base; Waterloo 9 - Wausau 0 |
| BOTTOM OF THE 6TH |
|
Wausau Timbers batting - Pitching for Waterloo Hawks : RHP Albert Arrieta
|
|
Batting: RHB Rich Renteria
|
0-0: Reached on error, E4 (Groundball, 4, EV 80.0 MPH)
|
|
Batting: SHB Herman Lewis
|
0-0: Called Strike 0-1: Called Strike Rich Renteria steals 2nd base (no throw) 0-2: Ball 1-2: Ball 2-2: Foul Ball, location: 2F 2-2: Ball 3-2: Base on Balls
|
|
Batting: LHB Ricky Seilheimer
|
0-0: Called Strike 0-1: Swinging Strike 0-2: Ball 1-2: Ball 2-2: Fielders Choice at 2nd, 6-4 (Groundball, 6, EV 79.4 MPH) Rich Renteria to third
|
|
Batting: LHB Jerry Morton
|
0-0: Called Strike Ricky Seilheimer steals 2nd base 0-1: Ball 1-1: Fly out, F8 (Flyball, 8LD, EV 100.6 MPH) Runner from 3rd tags up, SCORES, throw by CF
|
|
Batting: RHB Bruce Chaney
|
0-0: Fly out, F7 (Flyball, 7, EV 76.9 MPH)
|
| Bottom of the 6th over - 1 run, 0 hits, 1 error, 1 left on base; Waterloo 9 - Wausau 1 |
| TOP OF THE 7TH |
|
Waterloo Hawks batting - Pitching for Wausau Timbers : RHP Robert Tenenini
|
|
Pinch Hitting: RHB John Stockstill
|
0-0: Ball 1-0: SINGLE (Groundball, 25, EV 66.9 MPH) (infield hit)
|
|
Batting: RHB Carmelo Aguayo
|
0-0: Grounds into double play, 6-4-3 (Groundball, 6, EV 109.4 MPH)
|
|
Batting: LHB Burk Goldthorn
|
0-0: Foul Ball, location: 2F 0-1: Foul Ball, location: 2F 0-2: Foul Ball, location: 2F 0-2: Foul Ball, location: 2F 0-2: Fly out, F9 (Flyball, 89S, EV 95.0 MPH)
|
| Top of the 7th over - 0 runs, 1 hit, 0 errors, 0 left on base; Waterloo 9 - Wausau 1 |
| BOTTOM OF THE 7TH |
|
Wausau Timbers batting - Pitching for Waterloo Hawks : RHP Albert Arrieta
|
|
Now at 3B: John Stockstill
|
|
|
Pinch Hitting: SHB Harry Mauch
|
0-0: Ball 1-0: Ball 2-0: Foul Ball, location: 2F 2-1: Foul Ball, location: 2F 2-2: Fly out, F5 (Popup, 5SF, EV 84.4 MPH)
|
|
Batting: RHB John Pignotti
|
0-0: Ball 1-0: Ground out 5-3 (Groundball, 56S, EV 65.6 MPH)
|
|
Batting: RHB John Nicolo
|
0-0: Ball 1-0: Called Strike 1-1: Ball 2-1: SINGLE (Groundball, 4MD, EV 98.1 MPH)
|
|
Batting: LHB Rodney Nealeigh
|
0-0: Ball 1-0: Ball 2-0: Called Strike 2-1: Foul Ball, location: 2F 2-2: Fly out, F8 (Flyball, 89XD, EV 75.6 MPH)
|
| Bottom of the 7th over - 0 runs, 1 hit, 0 errors, 1 left on base; Waterloo 9 - Wausau 1 |
| TOP OF THE 8TH |
|
Waterloo Hawks batting - Pitching for Wausau Timbers : RHP Robert Tenenini
|
|
Now in CF: Harry Mauch
|
|
|
Batting: RHB Jay Loviglio
|
0-0: Ball 1-0: Called Strike 1-1: Ball 2-1: Swinging Strike 2-2: TRIPLE (Flyball, 9D, EV 95.6 MPH)
|
|
Pitching: RHP Daniel Pierce
|
|
|
Batting: RHB Michael Williams
|
0-0: Called Strike 0-1: Fly out, F9 (Line Drive, 9, EV 87.5 MPH) Runner from 3rd tags up, SCORES, throw by RF
|
|
Batting: RHB Kean Rich
|
0-0: Called Strike 0-1: Ball 1-1: Foul Ball, location: 2F 1-2: DOUBLE (Line Drive, 8RD, EV 113.1 MPH)
|
|
Batting: RHB David Cusack
|
0-0: Ball 1-0: Ground out 6-3 (Groundball, 6, EV 81.3 MPH)
|
|
Batting: RHB Edward Irvine
|
0-0: Ball 1-0: TRIPLE (Line Drive, 89XD, EV 98.8 MPH) Kean Rich scores
|
|
Batting: RHB Mark Sheehy
|
0-0: Called Strike 0-1: 2-RUN HOME RUN (Flyball, 78XD, EV 96.3 MPH), Distance : 430 ft
|
|
Batting: RHB John Stockstill
|
0-0: Ball 1-0: Ball 2-0: Ball 3-0: Base on Balls
|
|
Batting: RHB Carmelo Aguayo
|
0-0: Foul Ball, location: 2F 0-1: Swinging Strike 0-2: Ball 1-2: Strikes out looking
|
| Top of the 8th over - 4 runs, 4 hits, 0 errors, 1 left on base; Waterloo 13 - Wausau 1 |
| BOTTOM OF THE 8TH |
|
Wausau Timbers batting - Pitching for Waterloo Hawks : RHP Albert Arrieta
|
|
Pinch Hitting: RHB Kevin McDaniel
|
0-0: Ball 1-0: Ball 2-0: SINGLE (Groundball, 6D, EV 95.0 MPH)
|
|
Batting: SHB Herman Lewis
|
0-0: Called Strike 0-1: Ball 1-1: Fly out, F9 (Flyball, 9, EV 80.6 MPH)
|
|
Batting: LHB Ricky Seilheimer
|
0-0: Called Strike 0-1: Ball 1-1: Ball 2-1: SINGLE (Flyball, 56D, EV 88.1 MPH) Kevin McDaniel to second
|
|
Batting: LHB Jerry Morton
|
0-0: Ball 1-0: Called Strike 1-1: Ball 2-1: Fly out, F9 (Flyball, 9, EV 80.6 MPH)
|
|
Batting: RHB Bruce Chaney
|
0-0: Ball 1-0: Called Strike 1-1: Foul Ball, location: 2F 1-2: Ground out 4-3 (Groundball, 4, EV 78.1 MPH)
|
| Bottom of the 8th over - 0 runs, 2 hits, 0 errors, 2 left on base; Waterloo 13 - Wausau 1 |
| TOP OF THE 9TH |
|
Waterloo Hawks batting - Pitching for Wausau Timbers : RHP Daniel Pierce
|
|
Now at 3B: Kevin McDaniel
|
|
|
Pinch Hitting: LHB Dave Miley
|
0-0: Ball 1-0: Ground out 4-3 (Groundball, 34, EV 76.9 MPH)
|
|
Batting: RHB Jay Loviglio
|
0-0: Called Strike 0-1: Ball 1-1: Foul Ball, location: 2F 1-2: Ground out 6-3 (Groundball, 6, EV 86.9 MPH)
|
|
Batting: RHB Michael Williams
|
0-0: Ball 1-0: Ball 2-0: Foul Ball, location: 2F 2-1: Foul Ball, location: 2F 2-2: Ball 3-2: Base on Balls
|
|
Batting: RHB Kean Rich
|
0-0: Ball 1-0: Called Strike 1-1: Foul Ball, location: 2F 1-2: Ball 2-2: Strikes out looking
|
| Top of the 9th over - 0 runs, 0 hits, 0 errors, 1 left on base; Waterloo 13 - Wausau 1 |
| BOTTOM OF THE 9TH |
|
Wausau Timbers batting - Pitching for Waterloo Hawks : RHP Albert Arrieta
|
|
Now at C: Dave Miley
|
|
|
Batting: SHB Harry Mauch
|
0-0: Ball 1-0: Called Strike 1-1: Ball 2-1: Ball 3-1: SINGLE (Groundball, 34D, EV 100.6 MPH)
|
|
Batting: RHB John Pignotti
|
0-0: Called Strike 0-1: Swinging Strike 0-2: Ball 1-2: Ball 2-2: Fly out, F8 (Line Drive, 8RD, EV 108.8 MPH)
|
|
Pitching: RHP John Franks
|
|
|
Batting: RHB John Nicolo
|
0-0: Ball 1-0: Swinging Strike 1-1: SINGLE (Groundball, 34D, EV 106.9 MPH) Harry Mauch to second
|
|
Batting: LHB Rodney Nealeigh
|
0-0: Ball 1-0: Foul Ball, location: 2F 1-1: Fly out, F9 (Flyball, 9LS, EV 87.5 MPH)
|
|
Batting: RHB Kevin McDaniel
|
0-0: Ball 1-0: Fielders Choice at 2nd, 6-4 (Groundball, 6, EV 99.4 MPH)
|
| Bottom of the 9th over - 0 runs, 2 hits, 0 errors, 2 left on base; Waterloo 13 - Wausau 1 |
|